 Dungeon Crawl Stone Soup version 0.28.0-43-g3370ac3207 (webtiles) character file.

Game seed: 2472932446145170362

25 zeratav the Insei (level 3, -13/23 HPs)
             Began as an Octopode Transmuter on Apr 1, 2022.
             Mangled by a kobold
             ... wielding a +2 dagger of electrocution
              (19 damage)
             ... on level 1 of the Dungeon.
             The game lasted 00:02:25 (934 turns).

zeratav the Insei (Octopode Transmuter)              Turns: 934, Time: 00:02:27

Health: -13/23     AC:  1    Str:  9    XL:     3   Next: 4%
Magic:  6/6        EV: 13    Int: 17    God:
Gold:   24         SH:  0    Dex: 12    Spells: 5/6 levels left

rFire   . . .      SeeInvis .     - Unarmed
rCold   . . .      Faith    .   (no shield)
rNeg    . . .      Spirit   .   (helmet restricted)
rPois   .          Reflect  .   (no amulet)
rElec   .          Harm     .   (no ring)
rCorr   .          Rampage  .   (no ring)
Will    .....                   (no ring)
Stlth   ++........              (no ring)
HPRegen 0.07/turn               (no ring)
MPRegen 0.10/turn               (no ring)
                                (no ring)
                                (no ring)

@: no status effects
A: almost no armour, amphibious, 8 rings, camouflage 1, gelatinous body 1,
(nimble swimmer 1), tentacles
a: no special abilities


You were on level 1 of the Dungeon.
You visited 1 branch of the dungeon, and saw 1 of its levels.

You collected 24 gold pieces.

Inventory:

Missiles
 e - 3 boomerangs (quivered)
Scrolls
 b - a scroll of immolation {unknown}
 c - a scroll of brand weapon {unknown}
Potions
 a - a potion of curing {unknown}
 d - 2 potions of heal wounds {unknown}


   Skills:
 * Level 1.3 Fighting
 + Level 2.2 Dodging
 + Level 3.6 Unarmed Combat
 + Level 2.0 Spellcasting
 + Level 2.1 Transmutations
 * Level 0.3 Poison Magic


You had 5 spell levels left.
You knew the following spells:

 Your Spells              Type           Power      Damage    Failure   Level
a - Beastly Appendage     Tmut           16%        N/A       9%          1

Your spell library contained the following spells:

 Spells                   Type           Power      Damage    Failure   Level
 Wereblood                Tmut           8%         N/A       12%         2
 Spider Form              Tmut/Pois      5%         N/A       34%         3
 Ice Form                 Ice/Tmut       5%         N/A       77%         4


Dungeon Overview and Level Annotations

Branches:
Dungeon (1/15)

Altars:


Innate Abilities, Weirdness & Mutations

You cannot wear most types of armour.
You are amphibious.
You can wear up to eight rings at the same time.
Your skin changes colour to match your surroundings (Stealth+).
Your rubbery body absorbs attacks. (AC +1, EV +1)
((You are camouflaged when in or above water. (Stealth+)))
You have tentacles for arms and can constrict up to eight enemies at once.


Message History

HP restored.
You start waiting.
Done waiting.
Unknown command.
Items here: ( ) [ ÷.
A frilled lizard comes into view.
Items here: ( ) [ ÷.
e - 3 boomerangs
Found a leather armour.
Throw: 3 boomerangs
Press: ? - help, Q - select action, (/) - cycle Shift-Dir - straight line, f - frilled lizard
Aim: a frilled lizard (asleep, 98% to hit)
You throw a boomerang. The boomerang hits the frilled lizard.
You kill the frilled lizard!
A kobold and a giant cockroach come into view.
The kobold is wielding a +2 dagger of electrocution.
The kobold shouts!
You closely miss the giant cockroach. You grab the giant cockroach.
You squeeze the giant cockroach, but do no damage.
You constrict the giant cockroach, but do no damage.
The giant cockroach bites you.
You barely miss the giant cockroach.
You constrict the giant cockroach, but do no damage.
The giant cockroach closely misses you.
The kobold hits you with a +2 dagger of electrocution.
You are electrocuted!
You tentacle-slap the giant cockroach.
The giant cockroach is moderately wounded.
You constrict the giant cockroach. The giant cockroach closely misses you.
The giant cockroach misses you.
You release your grip on the giant cockroach.
The kobold closely misses you.
You tentacle-slap the kobold but do no damage.
You grab the kobold.
You constrict the kobold, but do no damage.
The kobold hits you with a +2 dagger of electrocution.
* * * LOW HITPOINT WARNING * * *
You are electrocuted!!
Ouch! That really hurt!
You die...

. ... .....######
........K.#
####..#.#@# ###### #.
#.#.# #....# #. #.#.#
#....# #[ #.#.#
#....# #..#.#.#
#....######..###.#
#................####
#...)#########......#
####.# #.....####.###


You could see a kobold.

Vanquished Creatures
  A gnoll (D:1)
  A bat (D:1)
  3 endoplasms (D:1)
  A giant cockroach (D:1)
  3 goblins (D:1)
  A ball python (D:1)
  A frilled lizard (D:1)
  A kobold (D:1)
  3 rats (D:1)
15 creatures vanquished.

Notes
Turn   | Place    | Note
-------+----------+-------------------------------------------
     0 | D:1      | zeratav the Octopode Transmuter began the quest for the
                  | Orb.
     0 | D:1      | Reached XP level 1. HP: 13/13 MP: 3/3
   157 | D:1      | Found a faded altar of an unknown god.
   314 | D:1      | Reached XP level 2. HP: 15/18 MP: 5/5
   600 | D:1      | Reached XP level 3. HP: 10/23 MP: 6/6
   934 | D:1      | Mangled by a kobold

Illustrated notes

Levels and vault maps discovered:
D:1:      eino_arrival_tree_alley, layout_basic,
          hellmonk_ecumenical_altar_zigzags, minmay_heptomino_l4

Action                   || total
-------------------------++-------
Melee: Unarmed           ||    36
       Constrict         ||     8
       Tentacles         ||     5
       Kick              ||     5
Throw: Boomerang         ||     1
 Cast: Beastly Appendage ||     2
 Stab: Sleeping          ||     3
Armor: Skin              ||     1
Dodge: Dodged            ||    19
